[Event "EICC 2025"]
[Site "Eforie-Nord"]
[Date "2025.03.17"]
[Round "3.25"]
[White "Velten, Paul"]
[Black "Deac, Bogdan-Daniel"]
[Result "1/2-1/2"]
[Annotator "TA"]
[ECO "E10"]
[WhiteElo "2515"]
[BlackElo "2692"]
[PlyCount "100"]
[EventDate "2025.03.14"]
[EventType "swiss"]
[EventCountry "ROU"]
[SourceTitle "playchess.com"]
[Source "ChessBase"]
[SourceQuality "1"]
[TimeControl "40/5400+30:1800+30"]

1. d4 Nf6 2. c4 e6 3. Nf3 h6 4. Bf4 d5 5. Nc3 c5 6. e3 cxd4 7. exd4 Bb4 8. Bd3 {[%emt 1:11:53] White is slightly better.} dxc4 9. Bxc4 O-O 10. O-O Bd7 11. a3 Bxc3 12. bxc3 Bc6 13. Ne5 Qa5 14. Re1 {[%emt 0:00:00][%csl Oe5][%cal Bf1e1,Be1e5,Be5c5,Bc5c4,Bc4c7][%mdl 32] Strong Square White (e5)} Nbd7 15. Qc1 {[%emt 0:00:00][%cal Of4h6] A sharp opening} h5 {[%emt 0:10:13] [#]} ({Better is} 15... Nxe5 16. Rxe5 Nd5) 16. Bh6 $1 Ne8 (16... Nh7 17. Nxd7) 17. Nxd7 Bxd7 18. Re5 Qa4 19. Be2 f5 20. Bg5 (20. Qg5 $18 {is the precise move to win.}) 20... Nf6 21. Bxf6 Rxf6 22. Rb1 Rb8 23. Rc5 b6 24. Rc4 Qa6 25. Qb2 Be8 26. Rc7 Qa5 27. Bc4 {[%emt 0:02:12] White has more active pieces.} Kh7 (27... b5 $16 {is a better defense.} 28. Rc5 Qd8) 28. Re1 $18 Rf7 29. Re5 (29. Rxf7 $1 $18 Bxf7 30. Qb3 (30. Bxe6 Re8 $14)) 29... Qxe5 $14 30. dxe5 Rxc7 31. Bxe6 Re7 (31... g6 $14) 32. Bxf5+ $16 g6 {[%emt 0:00:02][%cal Oe7e5] [#] aiming for ...Rxe5!.} 33. Bd3 (33. Be4 $1 $16 {Strongly threatening Qd2.} Rxe5 34. Qe2) 33... Rxe5 {[%emt 0:00:11] [#]} (33... Rd8 $1 $11 {keeps the balance.} 34. Be2 Rxe5) 34. f4 $1 Re1+ 35. Kf2 Re7 36. Qb4 Rbb7 37. f5 gxf5 38. Bxf5+ (38. g4 $16 hxg4 39. Qxg4 (39. Bxf5+ Bg6 $11)) 38... Bg6 $11 {[%emt 0:00:02] The position is equal.} 39. Bxg6+ Kxg6 {[%emt 0:00:06][%mdl 4096] Endgame KQ-KRR} 40. Qd6+ Kh7 41. Qd3+ Kh6 42. Qd2+ Kg6 $1 43. Qd6+ Kh7 44. Qd5 Kh6 45. h4 Rg7 {[%emt 0:00:00] Prevents Qg5+.} 46. Qc6+ Kh7 47. Qe4+ Kh6 48. Qc6+ Kh7 49. Qe4+ Kh6 50. Qc6+ Kh7 {[%emt 0:00:00] Weighted Error Value: White=0.14 (very precise) /Black=0.17 (very precise)   Missed win:     	White=1     	---        Mistake:       	White=3     	Black=4      Inaccurate:     	---       	Black=2      OK:         	White=13    	Black=15     Best:        	White=2     	Black=8      Strong:       	White=1     	Black=1} 1/2-1/2

[Event "EICC 2025"]
[Site "Eforie-Nord"]
[Date "2025.03.17"]
[Round "3.25"]
[White "Vijayakumar, Rishi"]
[Black "Donchenko, Alexander"]
[Result "0-1"]
[Annotator "TA"]
[ECO "E68"]
[WhiteElo "2311"]
[BlackElo "2627"]
[PlyCount "74"]
[EventDate "2025.03.14"]
[EventType "swiss"]
[EventCountry "ROU"]
[SourceTitle "playchess.com"]
[Source "ChessBase"]
[SourceQuality "1"]
[TimeControl "40/5400+30:1800+30"]

1. d4 Nf6 2. c4 g6 3. g3 Bg7 4. Bg2 O-O 5. Nc3 d6 6. Nf3 Nbd7 7. O-O e5 8. e4 Re8 9. Re1 exd4 10. Nxd4 Nc5 11. h3 h6 12. Nb3 Ne6 {[%emt 0:07:48] E68: King's Indian: Fianchetto: 6...Nbd7 7 0-0 e5 8 e4.} 13. f4 a5 $1 14. a4 Nd7 {[%emt 0:10:33] The position is equal.} 15. Be3 Ndc5 16. Nxc5 $1 Nxc5 17. e5 $1 Rb8 $146 ({Black should try} 17... Be6 $14) (17... Ra6 18. Bxc5 dxc5 19. Qxd8 Rxd8 20. Rad1 Rf8 21. Nd5 c6 22. Ne7+ Kh8 23. Nxc8 Rxc8 {1-0 Fridman,D (2571)-Tsolakidou,S (2451) EU-ch Rapid Skopje 2024 (8)}) 18. Nb5 ({Better is} 18. Bxc5 $1 $16 dxc5 19. Qe2) 18... Bd7 19. Ra3 (19. Bxc5 $1 $16 dxc5 20. Qd2) 19... b6 $11 20. Bxc5 bxc5 21. Rd3 (21. exd6 Rxe1+ (21... Bxb2 $2 22. dxc7 Bxb5 23. cxd8=R $18) 22. Qxe1 c6 $17 (22... Bxb2 $2 23. dxc7 $18)) 21... Qc8 22. Na7 (22. exd6 Rxe1+ 23. Qxe1 c6 $17) 22... Qa6 23. Nb5 Qb6 {[%emt 0:04:52] [#]} (23... Qc8 $11) 24. Nxd6 {[%emt 0:01:39][%csl Oa5,Oc5,Oc7] Black has weak pawns} Bxa4 $1 (24... cxd6 $6 25. Rxd6 Bxa4 26. Rxb6 (26. Qxa4 Qxd6 27. exd6 Rxe1+ 28. Kh2 Rxb2 $19) 26... Bxd1 27. Rxb8 Rxb8 28. Rxd1 $16) 25. Qxa4 cxd6 26. Rxd6 $2 {[%emt 0:05:08][%mdl 8192] White does not recover from this.} (26. Bc6 $11 Re6 27. Bd5 (27. Rxd6 Rxd6 28. exd6 Qxb2 $15)) 26... Qxd6 $19 27. exd6 Rxe1+ 28. Kf2 Re6 29. Bd5 {[%emt 0:00:14] [#]} Bd4+ $1 (29... Rxb2+ 30. Kf3 Rxd6 31. Qe8+ Kh7 32. Bxf7 (32. Qxf7 Rb3+ 33. Kg2 Rb2+ 34. Kf3 Rb8 $14) 32... Rb3+ 33. Kf2 $11 (33. Ke2 Rb2+ 34. Ke3 Rb3+ 35. Ke2 Rb2+ 36. Ke3 Bd4+ 37. Kd3 Bf6+ 38. Ke3 Bd4+ 39. Kd3 Bf6+ 40. Ke3 Bd4+ $11)) ({Not} 29... Rxd6 30. b3 $17) 30. Kf1 Rxd6 31. Qxa5 $2 (31. h4 {is a better chance.}) 31... Rxb2 {[%emt 0:00:54] Black is clearly winning.} 32. Qc7 Rf6 33. h4 (33. Ke1 $142 Kg7 34. Kd1) 33... Kg7 34. Qd7 h5 {[%emt 0:01:00] And now ...Ra6 would win.} 35. Qc7 Ra6 36. Qxf7+ Kh6 37. Qf8+ Bg7 {[%emt 0:00:02] Weighted Error Value: White=1.09/Black=0.28 (precise)   Loses game:     	White=1     	---        Mistake:       	White=5     	Black=2      Inaccurate:     	White=1     	Black=3      OK:         	White=3     	Black=7      Best:        	White=1     	Black=2      Strong:       	White=2     	Black=3} 0-1

[Event "EICC 2025"]
[Site "Eforie-Nord"]
[Date "2025.03.17"]
[Round "3.26"]
[White "Sargsyan, Shant"]
[Black "Klimkowski, Jan"]
[Result "1/2-1/2"]
[Annotator "TA"]
[ECO "A80"]
[WhiteElo "2666"]
[BlackElo "2511"]
[PlyCount "50"]
[EventDate "2025.03.14"]
[EventType "swiss"]
[EventCountry "ROU"]
[SourceTitle "playchess.com"]
[Source "ChessBase"]
[SourceQuality "1"]
[TimeControl "40/5400+30:1800+30"]

1. d4 f5 2. Bg5 g6 3. e3 Bg7 4. h4 h6 5. Bf4 d6 6. Bc4 {[%emt 0:02:11] A80: Dutch Defence: Unusual White second moves.} Nf6 7. Ne2 $146 (7. Nc3 e6 8. Qd2 Qe7 9. Nge2 e5 10. Bh2 Be6 11. Bxe6 Qxe6 12. O-O-O Nbd7 13. Kb1 {0-1 Gholami Orimi,M (2470)-Xiong,J (2659) Titled Tuesday intern op 27th Feb Early blitz 2024 (7)}) 7... e6 8. Bh2 Nh5 9. Nf4 Nxf4 {[%emt 0:00:07] The position is equal.} 10. Bxf4 e5 11. dxe5 dxe5 12. Qxd8+ Kxd8 13. Bh2 Ke7 14. Nc3 c6 {[%emt 0:00:25] Dodges Nd5+} 15. O-O-O Nd7 16. h5 g5 17. f4 Nf6 18. fxg5 ({Of course not} 18. fxe5 Ng4 19. e6 Nxh2 (19... Bxe6 20. Bxe6 Kxe6 21. Na4 $17) 20. Rxh2 Be5 $17 (20... Bxe6 21. Bxe6 Kxe6 22. Ne2 $17)) 18... Ng4 19. Bg1 hxg5 20. e4 {[%emt 0:00:54] and exf5 would now be decisive} f4 21. Bc5+ Ke8 22. Nb5 cxb5 23. Bxb5+ Kf7 24. Bc4+ Ke8 {[%emt 0:00:30] [#] White must now prevent ...a6.} 25. Bb5+ Kf7 {[%emt 0:00:30] An uneventful encounter.   Weighted Error Value: White=0.04 (flawless) /Black=0.04 (flawless)   OK:         	White=8     	Black=8      Best:        	White=2     	Black=4} 1/2-1/2

[Event "EICC 2025"]
[Site "Eforie-Nord"]
[Date "2025.03.17"]
[Round "3.26"]
[White "Gurel, Ediz"]
[Black "Hulka, Valentyn"]
[Result "1-0"]
[Annotator "TA"]
[ECO "C64"]
[WhiteElo "2620"]
[BlackElo "2312"]
[PlyCount "143"]
[EventDate "2025.03.14"]
[EventType "swiss"]
[EventCountry "ROU"]
[SourceTitle "playchess.com"]
[Source "ChessBase"]
[SourceQuality "1"]
[TimeControl "40/5400+30:1800+30"]

1. e4 e5 2. Nf3 Nc6 3. Bb5 a6 4. Ba4 Bc5 5. c3 Nge7 6. O-O Ba7 {[%emt 0:00:32] C64: Ruy Lopez: Classical Defence (3...Bc5) except 4 0-0 Nf6.} 7. d4 Ng6 8. Bxc6 dxc6 {[%emt 0:00:08] The position is equal.} 9. Nxe5 Nxe5 10. dxe5 Qh4 {[%emt 0:00:12] Black sacrificed a pawn} 11. Qf3 Rg8 12. Nd2 (12. Be3 $16) 12... Be6 13. Qd3 $146 (13. Qg3 Qxg3 14. hxg3 O-O-O 15. Re1 Rd3 16. Nf1 Rgd8 17. Be3 Bxe3 18. Rxe3 Rd1 19. Rxd1 Rxd1 {½-½ Ilamparthi,A (2505)-Cina,V (2361) Wch U20 62nd 2025 (4)}) 13... Qh5 14. Nf3 g5 15. Be3 Bxe3 16. Qxe3 g4 17. Nd4 Qxe5 18. Nxe6 fxe6 19. Rad1 Ke7 $1 20. Rd2 Rad8 21. Rfd1 Rxd2 22. Rxd2 $11 {[%emt 0:01:21][%mdl 4096] Endgame KQR-KQR} c5 23. Qd3 Kf6 24. g3 h5 25. Qe3 Ke7 26. Qd3 Qd6 27. Qe3 Qe5 28. Kf1 Rf8 29. Rd1 b5 30. Qd2 $36 {[%emt 0:02:23][%mdl 2048] Threatening Qd7+. White is pushing.} Qxe4 (30... Kf6 $11 {remains equal.}) 31. Qg5+ $16 Rf6 {[%emt 0:00:23] Threatens to win with ...Qh1+.} 32. Qxc5+ (32. Qxh5 Qh1+ 33. Ke2 Qf3+ 34. Kd2 Qf5 (34... Qxf2+ 35. Kc1 $11) 35. Qxf5 Rxf5 $17) 32... Ke8 33. Qxh5+ Ke7 34. Qc5+ Ke8 35. Kg1 {[%emt 0:00:44] Dancing on a razor blade.} (35. Qxc7 $6 Qh1+ 36. Ke2 Qe4+ 37. Kf1 Qh1+ 38. Ke2 Qe4+ 39. Kf1 $11) 35... Qe2 36. Qd4 Kf7 (36... Rxf2 37. Qd8+ Kf7 38. Rd7+ Kg6 39. Qe8+ (39. Rxc7 $2 Rf1#) (39. Qg8+ Kf5 $18) 39... Kg5 40. Rg7+ (40. Rxc7 $2 Rf1#) 40... Kf5 41. Rf7+ (41. Rxc7 $2 Rf1#) 41... Ke4 42. Qxe6+ (42. Rxf2 Qe1+ 43. Kg2 Ke5 $18) 42... Kd3 43. Qd5+ (43. Qxa6 $2 Qf1#) 43... Kc2 44. Rxf2 $18) 37. Qd7+ Kg6 38. Qe8+ (38. Qd3+ $16 Qxd3 39. Rxd3) 38... Kh6 $14 39. Qh8+ Kg6 40. Qg8+ Kh6 41. Rf1 c5 42. Qd8 Kg6 43. Qe8+ Kh6 44. Qc6 (44. b3 c4 45. Qh8+ Kg6 46. bxc4 bxc4 47. Qg8+) 44... Qxb2 45. Qxa6 (45. Qxc5 {feels hotter.} Qe2 46. Qc8 Kg6 47. Qg8+) 45... c4 (45... Qe2 $1 $14) 46. Qa5 ({Better is} 46. Qa8 $16) 46... Kg6 47. Qb6 Qxc3 48. Qxb5 Qd4 $1 49. a4 c3 50. a5 c2 $2 {[%emt 0:00:00][%mdl 8192] [#] This costs Black the game.} (50... Qe4 $14) 51. Qe2 $1 $18 Qb2 52. Qxg4+ Kf7 {[%emt 0:00:00] [#]} 53. Qh5+ $1 (53. Qc4 Kg7 $16) 53... Rg6 54. Qc5 Rg4 55. a6 {[%emt 0:00:00] Strongly threatening Qc7+.} Ra4 56. a7 ({Not} 56. Qc7+ Kg6 $16) 56... Ra1 $2 (56... Qb1 57. Qc7+ Kg6) 57. Rxa1 Qxa1+ {[%emt 0:00:00] KQ-KQ. White is two pawns up.} 58. Kg2 c1=Q 59. Qxc1 Qxa7 60. Qf4+ Kg6 61. Qe4+ Kf6 62. h4 {[%emt 0:00:00] White threatens h5 and mate.} Qc5 63. Qf4+ {[%emt 0:00:00] White mates.} Kg6 {[%emt 0:00:00] [#]} 64. Qg5+ $1 Qxg5 65. hxg5 Kxg5 {[%emt 0:00:00] KPP-KP. White is a pawn up.} 66. f3 Kf5 67. Kf2 Ke5 68. Ke3 Kf5 69. Kd4 Kf6 70. Ke4 e5 71. g4 Ke6 72. g5 {[%emt 0:00:00] Weighted Error Value: White=0.11 (very precise) /Black=0.36  Loses game:     	---       	Black=1      Mistake:       	White=3     	Black=3      Inaccurate:     	White=4     	Black=5      OK:         	White=21    	Black=11     Best:        	White=3     	Black=7      Strong:       	White=2     	Black=2} 1-0

[Event "EICC 2025"]
[Site "Eforie-Nord"]
[Date "2025.03.17"]
[Round "3.27"]
[White "Wojtaszek, Radoslaw"]
[Black "Sahidi, Samir"]
[Result "1-0"]
[Annotator "TA"]
[ECO "D61"]
[WhiteElo "2659"]
[BlackElo "2500"]
[PlyCount "109"]
[EventDate "2025.03.14"]
[EventType "swiss"]
[EventCountry "ROU"]
[SourceTitle "playchess.com"]
[Source "ChessBase"]
[SourceQuality "1"]
[TimeControl "40/5400+30:1800+30"]

1. d4 Nf6 2. c4 e6 3. Nf3 d5 4. Nc3 c6 5. Bg5 h6 6. Bh4 Nbd7 7. e3 Be7 8. Qc2 O-O 9. a3 b6 10. cxd5 {[%emt 0:00:43] D61: Queen's Gambit Declined: Classical: 7 Qc2.} exd5 11. Bd3 Bb7 12. O-O {[%emt 0:00:13] White has an edge.} c5 13. Rad1 $5 {[%emt 0:13:54][%mdl 4] Exploring less charted territory.} Re8 (13... Ne8 $11 14. Bg3 c4) 14. Bf5 c4 15. Ne5 Nf8 16. f4 {[%emt 0:01:58][%csl Oe5] Strong Square White (e5)} a6 17. g4 $146 {[%emt 0:14:33] White is much more active.} (17. Rf3 b5 18. Rg3 Qb6 19. Qe2 Rad8 20. Bxf6 Qxf6 21. Qh5 Rd6 22. Bc2 Bc8 23. Rf1 {1-0 Martirosyan,H (2678)-Dragicevic,D (2322) EU-ch Rapid Zagreb 2023 (2)}) 17... N6d7 18. Bxe7 Qxe7 19. Qg2 Rad8 20. Qg3 (20. Nxd5 $2 Bxd5 21. Qg3 (21. Qxd5 $2 Nxe5 22. Qg2 Nd3 $19) 21... b5 $19) 20... b5 21. h4 f6 22. Nxd7 Nxd7 23. Rde1 Qd6 (23... Nf8 $14) 24. Re2 (24. g5 $142) 24... Nf8 ({Better is} 24... Re7) 25. g5 $16 fxg5 26. hxg5 h5 (26... hxg5 $16 27. Rg2 (27. Qxg5 Qe7 $16) 27... Qf6) 27. Qh4 $18 g6 28. Bc2 Rd7 29. f5 Rf7 30. f6 (30. Ref2 $1 $18 {is more deadly.}) 30... Bc6 (30... Bc8 $16 {keeps fighting.}) 31. Rf3 Rh7 32. Rd2 Qe6 {[%emt 0:01:33] [#]} 33. e4 $1 Qg4+ $16 34. Qxg4 hxg4 35. Rf4 dxe4 36. Bxe4 Bxe4 37. Nxe4 Rd8 38. Rxg4 Rh3 39. d5 Rd3 40. Rxd3 cxd3 {[%emt 0:00:06][%mdl 4096] Endgame KRN-KRN. White is a pawn up.} 41. d6 Nd7 $2 (41... d2 $16 42. Nxd2 Rxd6) 42. Kf2 $18 Ne5 {[%emt 0:02:10] [#]} 43. Rg3 (43. Rh4 $6 Nc4 $16) 43... Kf7 44. Ke3 Ke6 45. Nc5+ Kf5 46. Nxd3 (46. Nxa6 $2 d2 (46... Rxd6 47. f7 $17) 47. Rg1 Rxd6 $19) 46... Nf7 (46... Nc4+ 47. Kf2 Nxd6 48. Rf3+ Kxg5) 47. Rf3+ Kxg5 $2 (47... Ke6 48. Kf4 (48. Nc5+ Kd5 $11) 48... Rc8 49. Re3+ Kxd6) 48. Nc5 {[%emt 0:00:03] Ne6+ would kill now. White is clearly winning.} Kh5 49. d7 (49. Nxa6 g5 $16) 49... g5 50. Ke4 (50. Nxa6 Rxd7 51. Rf1 Kg6 $14) 50... g4 51. Rd3 Rg8 52. Kf4 ({Not} 52. Nxa6 g3 $18) 52... Kh4 53. Ne4 ({And not} 53. Nxa6 g3 54. d8=B Nxd8 $11) 53... a5 54. Rd1 Kh5 55. Kf5 {[%emt 0:00:05] Weighted Error Value: White=0.24 (precise) /Black=0.69  Loses game:     	---       	Black=1      Mistake:       	White=3     	Black=7      Inaccurate:     	White=1     	Black=4      OK:         	White=15    	Black=10     Best:        	White=6     	---} 1-0

[Event "EICC 2025"]
[Site "Eforie-Nord"]
[Date "2025.03.17"]
[Round "3.27"]
[White "Smolik, Jachym"]
[Black "Lupulescu, Constantin"]
[Result "1/2-1/2"]
[Annotator "TA"]
[ECO "D35"]
[WhiteElo "2308"]
[BlackElo "2596"]
[PlyCount "78"]
[EventDate "2025.03.14"]
[EventType "swiss"]
[EventCountry "ROU"]
[SourceTitle "playchess.com"]
[Source "ChessBase"]
[SourceQuality "1"]
[TimeControl "40/5400+30:1800+30"]

1. d4 d5 2. c4 e6 3. Nc3 Nf6 4. cxd5 exd5 5. Bf4 Bd6 6. Bxd6 {[%emt 0:00:12] D35: Queen's Gambit Declined: Exchange Variation.} Qxd6 7. e3 Bf5 8. Qf3 g6 9. Qg3 Qxg3 10. hxg3 h5 11. f3 O-O 12. Nge2 $146 (12. Kf2 c6 13. Nge2 a5 14. Nf4 Nbd7 15. Be2 Nb6 16. Bd3 Bxd3 17. Nxd3 Rfe8 18. b3 {0-1 Sarana,A (2662)-Predke,A (2684) Titled Tuesday intern op 25th Oct Late blitz 2022 (8)}) 12... c6 13. Nf4 Nbd7 14. Bd3 Bxd3 15. Nxd3 Ne8 16. Kf2 Nd6 17. Na4 Rfe8 18. Rhe1 Re7 19. Re2 Rae8 20. Nac5 Nxc5 21. Nxc5 Nf5 22. Rae1 f6 23. a4 a5 24. Nb3 b6 25. Na1 Kf7 26. Nc2 Ke6 27. Rd2 Kd7 28. Rd3 Kc7 29. Rc3 Kb7 30. Rc1 Re6 31. Rb1 Ra8 32. Rc1 Rae8 33. Rb1 Nd6 34. b3 Ra8 35. Rc1 Nf5 36. Rb1 Nd6 37. Rc1 Nf5 38. Rb1 Ne7 39. Ne1 Nf5 {[%emt 0:01:09] Weighted Error Value: White=0.05 (flawless) /Black=0.06 (flawless)   Inaccurate:     	White=3     	Black=2      OK:         	White=13    	Black=16     Best:        	White=1     	---} 1/2-1/2

[Event "EICC 2025"]
[Site "Eforie-Nord"]
[Date "2025.03.17"]
[Round "3.28"]
[White "Svane, Frederik"]
[Black "Royal, Shreyas"]
[Result "1-0"]
[Annotator "TA"]
[ECO "C78"]
[WhiteElo "2654"]
[BlackElo "2491"]
[PlyCount "85"]
[EventDate "2025.03.14"]
[EventType "swiss"]
[EventCountry "ROU"]
[SourceTitle "playchess.com"]
[Source "ChessBase"]
[SourceQuality "1"]
[TimeControl "40/5400+30:1800+30"]

1. e4 e5 2. Nf3 Nc6 3. Bb5 a6 4. Ba4 Nf6 5. O-O b5 6. Bb3 Bc5 7. a4 Rb8 8. c3 d6 9. d4 Bb6 10. Be3 {[%emt 0:01:01][%cal Oa4a5] C78: Ruy Lopez: Archangelsk and Möller Defences.} Bg4 11. axb5 axb5 12. Nbd2 {[%emt 0:00:10] The position is equal.} O-O 13. h3 Bh5 14. Qe1 Re8 $146 (14... Bxf3 15. Nxf3 Re8 16. dxe5 Nxe5 17. Nxe5 Rxe5 18. Bxb6 Rxb6 19. Bc2 Re8 20. Qe2 b4 {1-0 Petrov,M (2526)-Pavlidis,A (2376) Thessaloniki op 2010 (8)}) 15. dxe5 Nxe5 16. Nxe5 dxe5 17. f3 Nd7 18. Qf2 Bxe3 19. Qxe3 Qe7 20. Ra7 Qd6 21. Rd1 Nc5 22. Bc2 {[%emt 0:11:54] and Nb3 would now be decisive} (22. Bd5 {seems wilder.} Qb6 23. Rda1 c6 24. b4) 22... Qb6 23. Rda1 Red8 {[%emt 0:46:05][%cal Od8d2] ...Rxd2! would now be deadly.} 24. Nf1 b4 25. R7a5 b3 26. Bb1 (26. Rxc5 bxc2 27. Rd5 f5 (27... Qxb2 28. Rxd8+ Rxd8 29. Qd2 $11) (27... Qxe3+ 28. Nxe3 Rxd5 29. exd5 $14) 28. Qxb6 (28. Rxe5 $2 Rd1 $19) 28... cxb6) 26... Nd7 27. Bd3 f6 28. Bc4+ Bf7 29. Bxf7+ (29. Qxb6 {simplifies} Nxb6 30. Bxf7+ Kxf7 31. Rc5) 29... Kxf7 30. Kh2 ({White should play} 30. Qxb6 $16 Nxb6 31. Rc5) 30... Qxe3 $1 $11 31. Nxe3 Nf8 $1 32. Ra7 Rd7 33. R1a6 Ne6 34. Nd5 $36 {[%emt 0:00:00][%mdl 2048] White is more active.} Nc5 35. Rc6 Nd3 {[%emt 0:00:00] [#]} ({Black should play} 35... Rb7 $1 $14 36. Rxb7 Nxb7) 36. Nb6 $1 $16 Re7 37. Nc4 (37. Raxc7 Nxb2 38. Nd7 Rb5 $19) 37... Kg6 38. Rcxc7 Rxc7 39. Rxc7 f5 $2 {[%emt 0:00:00] This costs Black the game.} (39... h5 $16 {was necessary.} 40. Re7 h4) 40. exf5+ $18 Kxf5 41. Rd7 e4 (41... Nf4 42. Rxg7 h5) 42. fxe4+ Kxe4 43. Rd4+ {[%emt 0:00:04] Weighted Error Value: White=0.05 (flawless) /Black=0.23 (precise)   Loses game:     	---       	Black=1      Mistake:       	White=1     	Black=2      Inaccurate:     	---       	Black=1      OK:         	White=17    	Black=11     Best:        	White=2     	Black=1      Strong:       	---       	Black=2      Brilliant:      	White=1     	---} 1-0

[Event "EICC 2025"]
[Site "Eforie-Nord"]
[Date "2025.03.17"]
[Round "3.28"]
[White "Engel, Luis"]
[Black "Suleymanli, Suleyman"]
[Result "1/2-1/2"]
[Annotator "RC"]
[ECO "E01"]
[WhiteElo "2555"]
[BlackElo "2305"]
[PlyCount "149"]
[EventDate "2025.03.14"]
[EventType "swiss"]
[EventCountry "ROU"]
[SourceTitle "playchess.com"]
[Source "ChessBase"]
[SourceQuality "1"]
[TimeControl "40/5400+30:1800+30"]

1. c4 e6 2. g3 d5 3. Bg2 Nf6 4. d4 Bb4+ 5. Bd2 Bd6 6. Nf3 c6 7. Qc2 Nbd7 8. O-O O-O 9. Rd1 Ne4 10. Bc3 f5 11. Nbd2 Qf6 12. b4 Qh6 13. Ne5 a5 14. Nxe4 fxe4 15. b5 cxb5 16. cxb5 Nxe5 17. dxe5 Bc5 18. Bd4 Bxd4 19. Rxd4 Qh5 20. Rad1 Bd7 21. a4 Be8 22. Qc7 Qxe2 23. R4d2 Qg4 24. Qxb7 Bh5 25. Rc1 Qg5 26. Rdc2 Qxe5 27. Qc7 Qd4 28. b6 e3 29. b7 exf2+ 30. Kh1 Rae8 31. Qc5 Qxc5 32. Rxc5 Rb8 33. Rc7 h6 34. h4 Be2 35. Bf1 Bxf1 36. Rxf1 Kh7 37. Kg2 h5 38. Re7 Kg6 39. Rxe6+ Rf6 40. Rxf6+ Kxf6 41. Rb1 Ke5 42. Kxf2 Kd4 43. Rb5 Ke4 44. Ke2 Kd4 45. Kd2 Kc4 46. Ke3 g6 47. Rb1 Kc3 48. Rc1+ Kb2 49. Rc7 Ka3 50. Kd4 Kxa4 51. Kc5 d4 52. Kc4 Ka3 53. Rc5 Rxb7 54. Rxa5+ Kb2 55. Kxd4 Rb4+ 56. Ke3 Rb3+ 57. Kf2 Kc3 58. Ra6 Kd4 59. Rxg6 Ke4 60. Kg2 Rb2+ 61. Kh3 Rb5 62. Rg8 Ra5 63. Rf8 Rf5 64. Re8+ Re5 65. Rh8 Ra5 66. Rg8 Rb5 67. Rf8 Rf5 68. Ra8 Rb5 69. Ra4+ Kf5 70. Ra6 Ke4 71. Rg6 Ra5 72. Rf6 Rf5 73. Rg6 Ra5 74. g4 Ra3+ 75. Kg2 1/2-1/2

[Event "EICC 2025"]
[Site "Eforie-Nord"]
[Date "2025.03.17"]
[Round "3.29"]
[White "Martirosyan, Haik M."]
[Black "Ben Ari, Yannay"]
[Result "1-0"]
[Annotator "TA"]
[ECO "B52"]
[WhiteElo "2652"]
[BlackElo "2474"]
[PlyCount "99"]
[EventDate "2025.03.14"]
[EventType "swiss"]
[EventCountry "ROU"]
[SourceTitle "playchess.com"]
[Source "ChessBase"]
[SourceQuality "1"]
[TimeControl "40/5400+30:1800+30"]

1. e4 c5 2. Nf3 d6 3. Bb5+ Bd7 4. Bxd7+ Nxd7 5. O-O Ngf6 6. Qe2 e6 7. c3 d5 {[%emt 0:11:15] B52: Sicilian: Moscow Variation with 3...Bd7.} 8. e5 Ng8 9. d4 Ne7 {[%emt 0:13:05] The position is equal.} 10. Rd1 $146 (10. dxc5 $1 $14 Nxc5 11. Rd1) (10. dxc5 Nxc5 11. Bg5 Qd7 12. Nbd2 h6 13. Be3 Nf5 14. Rfd1 Na4 15. Rab1 Be7 16. c4 O-O 17. Nf1 Rfd8 18. cxd5 {½-½ Fernandez Garcia,J (2443)-Ubilava,E (2556) Elgoibar 09th 1999 (9)}) 10... cxd4 $11 11. cxd4 Nc6 12. Ng5 Be7 13. Qg4 h5 14. Qg3 Qb6 15. Qd3 Nb4 16. Qe2 Qa6 17. Qd2 Bxg5 18. Qxb4 Be7 19. Qb3 Nf8 20. Nc3 Ng6 21. g3 h4 22. Be3 O-O-O 23. a4 Kb8 $1 24. Qb5 Qxb5 (24... Qc6 {keeps more tension.} 25. Rdc1 Rc8 26. Kg2 a6) 25. axb5 b6 26. Ne2 Rc8 27. Nc1 Rc2 28. Nd3 Rhc8 29. Kg2 R8c7 30. Bd2 R2c4 31. Bc3 a5 32. bxa6 {[%emt 0:00:50][%csl Oa6] White has a strong passed pawn} Ka7 33. Nc1 (33. f4 $16) 33... Nf8 34. Rd3 $36 {[%emt 0:01:43][%cal Bd1d3,Bd3f3,Bf3g3,Bg3g8][%mdl 2080] White has the initiative.} b5 35. Rf3 f6 36. exf6 (36. gxh4 Ng6 37. Kh1 Nxh4 $17) 36... gxf6 {[%emt 0:01:27] [#]} 37. Nd3 $1 ({Don't play} 37. gxh4 $6 Ng6 38. Kh3 Rc8 $11 (38... b4 39. Bd2 $14)) 37... hxg3 38. Rxg3 Ra4 $2 {[%emt 0:00:38] Prevents Ba5. Loses the game.} (38... Bd6 $16 {might work better.}) 39. Rxa4 $18 bxa4 {[%emt 0:00:01] [#]} 40. Bb4 Bxb4 41. Nxb4 {[%emt 0:30:01][%mdl 4096] Endgame KRN-KRN. White is a pawn up.} Kb6 42. Rg8 Nh7 (42... Nd7 43. Rg7 Nf8 (43... Kb5 $2 44. Nd3 $18) 44. Rxc7 Kxc7) 43. h4 {[%emt 0:00:00] White is clearly winning.} f5 44. Re8 Nf6 45. Rxe6+ Kb5 46. Rxf6 Kxb4 47. Rb6+ Kc4 48. Rb7 Rc8 49. a7 {[%emt 0:00:00] White threatens Rb8 and mate.} Ra8 50. h5 {[%emt 0:00:00] Weighted Error Value: White=0.06 (flawless) /Black=0.50  Loses game:     	---       	Black=1      Mistake:       	White=2     	Black=1      Inaccurate:     	White=1     	Black=5      OK:         	White=13    	Black=11     Best:        	White=4     	Black=1      Strong:       	White=1     	Black=1} 1-0